 Dungeon Crawl Stone Soup version 0.29-a0-521-g59ce8b2d47 (webtiles) character file.

Game seed: 5075015457150288676

9 Nedwor the Twirler (level 2, 25/25 HPs)
             Began as a Minotaur Gladiator on June 1, 2022.
             Quit the game on level 1 of the Dungeon.
             The game lasted 00:00:23 (502 turns).

Nedwor the Twirler (Minotaur Gladiator)              Turns: 502, Time: 00:00:24

Health: 25/25      AC:  3    Str: 18    XL:     2   Next: 3%
Magic:  1/1        EV: 12    Int:  5    God:
Gold:   47         SH:  0    Dex: 11    Spells: 1/1 levels left

rFire   . . .      SeeInvis .   a - +0 quarterstaff
rCold   . . .      Faith    .   (shield currently unavailable)
rNeg    . . .      Spirit   .   b - +0 leather armour
rPois   .          Reflect  .   c - +0 hat
rElec   .          Harm     .   (no cloak)
rCorr   .          Rampage  .   (no gloves)
Will    .....                   (no boots)
Stlth   +.........              (no amulet)
HPRegen 0.08/turn               (no ring)
MPRegen 0.07/turn               (no ring)

@: no status effects
A: horns 2, retaliatory headbutt
a: no special abilities


You were on level 1 of the Dungeon.
You visited 1 branch of the dungeon, and saw 1 of its levels.

You collected 47 gold pieces.

Inventory:

Hand Weapons
 a - a +0 quarterstaff (weapon)
Missiles
 d - 3 throwing nets (quivered)
 e - a javelin
Armour
 b - a +0 leather armour (worn)
 c - a +0 hat (worn)
Scrolls
 f - a scroll of vulnerability {unknown}
 g - a scroll of identify {unknown}
 h - a scroll of teleportation {unknown}


   Skills:
 + Level 2.8 Fighting
 * Level 4.1 Staves
 - Level 2.0 Throwing
 - Level 3.2 Dodging


You had one spell level left.
You didn't know any spells.
Your spell library was empty.

Dungeon Overview and Level Annotations

Branches:
Dungeon (1/15)

Altars:

Shops:
D:1 :


Innate Abilities, Weirdness & Mutations

You have a pair of horns on your head.
You reflexively headbutt those who attack you in melee.


Message History

Your Staves skill increases to level 4!
No target in view!
You see here a ball python corpse.
Found a long sword.
Found 21 stones.
Found a stone staircase leading down.
A bat comes into view.
A bat is nearby!
A bat is nearby!
The bat misses you.
You hit the bat. You headbutt the bat.
You kill the bat!
No target in view!
No target in view!
You see here a bat corpse.
h - a scroll labelled JISOL SANTIYPS A rat comes into view.
A rat is nearby!
A rat is nearby!
The rat barely misses you.
You closely miss the rat. Your headbutt misses the rat.
The rat bites you but does no damage.
You hit the rat.
You kill the rat!
No target in view!
No target in view!
A goblin comes into view. It is wielding a +0 club.
The goblin shouts!
A goblin is nearby!
A goblin is nearby!
The goblin hits you with a +0 club.
You hit the goblin.
You kill the goblin!
You have reached level 2!
You see here a +0 club.
Found Xuaxu's Book Shop.
There is an entrance to Xuaxu's Book Shop here.
Found two stone staircases leading down.
A rat comes into view.
A rat is nearby!
Are you sure you want to abandon this character and quit the game? (Confirm with "yes".)

#.#######.## .#.
#.##........ #r#
#.##.####.## #.#
#.##.# #.# #.#
#.##.# #.# #.#
#.##.# ##.# #.#
#.##.# #..# #.#
#.##.# #.##
#@#####.##.# #.#
#.......##.###.###
#..#######........
#..............###
##>............#
.>##########.##
#.# #.# #.# #.#
#.##.# ###.#


You could see a rat.

Vanquished Creatures
  A ball python (D:1)
  A goblin (D:1)
  A hobgoblin (D:1)
  A quokka (D:1)
  3 bats (D:1)
  A rat (D:1)
8 creatures vanquished.

Notes
Turn   | Place    | Note
-------+----------+-------------------------------------------
     0 | D:1      | Nedwor the Minotaur Gladiator began the quest for the Orb.
     0 | D:1      | Reached XP level 1. HP: 18/18 MP: 0/0
   150 | D:1      | Reached skill level 4 in Staves
   439 | D:1      | Reached XP level 2. HP: 22/25 MP: 1/1
   468 | D:1      | Found Xuaxu's Book Shop.
   502 | D:1      | Quit the game

Illustrated notes

Levels and vault maps discovered:
D:1:      enne_arrival_octagon_isle, layout_loops_ring, serial_shops,
          nicolae_shop_crystal

Skill      XL: |  1 |
---------------+----+-----
Staves         | 4 |  4.1
Fighting       | |  2.8
Throwing       | |  2.0
Dodging        | |  3.2

Action                   || total
-------------------------++-------
Melee: Quarterstaff      ||    13
       Headbutt          ||     2
Armor: Leather armour    ||     2
Dodge: Dodged            ||    12

Table legend: (Time is in decaauts)
 A = Elapsed time spent in this place.
 B = Non-inter-level travel time spent in this place.
 C = Inter-level travel time spent in this place.
 D = Time resting spent in this place.
 E = Time spent auto-exploring this place.
 F = Levels seen in this place.
 G = Mean time per level.
                   A        B        C        D        E       F      G
               +--------+--------+--------+--------+--------+-----+--------+
         Total |    503 |    503 |      0 |      0 |    456 |   1 |  503.0 |
       Dungeon |    503 |    503 |      0 |      0 |    456 |   1 |  503.0 |
               +--------+--------+--------+--------+--------+-----+--------+

Top non-repeatable levels by time:
     D:1: 503 daAuts
